 Dungeon Crawl Stone Soup version 0.28-a0-980-g3664467d6e (webtiles) character file.

Game seed: 3069003534032076502

128 Peloso the Covered (level 4, 0/41 HPs)
             Began as a Minotaur Fighter on Dec 2, 2021.
             Slain by an ogre (24 damage)
             ... on level 4 of the Dungeon.
             The game lasted 00:05:34 (3119 turns).

Peloso the Covered (Minotaur Fighter)               Turns: 3119, Time: 00:05:34

Health: 0/41       AC:  9    Str: 21    XL:     4   Next: 87%
Magic:  3/3        EV:  5    Int:  5    God:
Gold:   100        SH:  8    Dex: 11    Spells: 3/3 levels left

rFire   . . .      SeeInvis .   a - +0 long sword
rCold   . . .      Faith    .   c - +0 kite shield
rNeg    . . .      Spirit   .   k - +0 chain mail
rPois   .          Reflect  .   (helmet restricted)
rElec   .          Harm     .   (no cloak)
rCorr   .          Rampage  .   (no gloves)
Will    .....                   (no boots)
Stlth   ..........              (no amulet)
HPRegen 0.13/turn               (no ring)
MPRegen 0.08/turn               (no ring)

@: mighty
A: horns 2, retaliatory headbutt
a: no special abilities


You were on level 4 of the Dungeon.
You visited 1 branch of the dungeon, and saw 4 of its levels.

You collected 100 gold pieces.

Inventory:

Hand Weapons
 a - a +0 long sword (weapon)
Missiles
 m - 32 bolts
 n - a throwing net (quivered)
Armour
 b - a +0 scale mail
 c - a +0 kite shield (worn)
 k - a +0 chain mail (worn)
Scrolls
 f - a scroll of teleportation {unknown}
 g - a scroll of immolation
 i - 3 scrolls of identify {unknown}
 l - 3 scrolls of fog {unknown}
Potions
 d - a potion of might
 e - a potion of flight {unknown}
 h - 2 potions of curing {unknown}
 j - 2 potions of degeneration {unknown}
 o - a potion of haste {unknown}


   Skills:
 + Level 4.3 Fighting
 + Level 3.9 Long Blades
 + Level 4.8 Armour
 + Level 0.4 Dodging
 + Level 0.1 Stealth
 + Level 4.3 Shields


You had 3 spell levels left.
You didn't know any spells.
Your spell library was empty.

Dungeon Overview and Level Annotations

Branches:
Dungeon (4/15)
 Temple: D:4-7

Altars:


Innate Abilities, Weirdness & Mutations

You have a pair of horns on your head.
You reflexively headbutt those who attack you in melee.


Message History

Press ? for a list of commands and other information.
Done exploring.
Done exploring.
(D) Dungeon
Where to? (? - help)
What level of the Dungeon? (default 1, ? - help)
There is a stone staircase leading down here.
You climb downwards.
You hear the hiss of flowing sand.
There is an entrance to an ossuary on this level.
Hurry and find it before the portal is buried!
Found 16 poisoned darts and 13 arrows.
There is a stone staircase leading up here.
Found 24 stones.
You block the giant cockroach's attack.
You hit the giant cockroach but do no damage.
Your headbutt misses the giant cockroach.
The giant cockroach barely misses you.
The giant cockroach bites you but does no damage.
You hit the giant cockroach.
The giant cockroach is severely wounded.
You block the giant cockroach's attack.
The giant cockroach bites you but does no damage.
You slash the giant cockroach!
You kill the giant cockroach!
You see here a giant cockroach corpse.
An ogre comes into view. It is wielding a +0 giant club.
The ogre shouts!
An ogre is nearby!
You feel very mighty all of a sudden.
You see here 16 poisoned darts.
You slash the ogre! You headbutt the ogre.
The ogre is heavily wounded.
The ogre hits you with a +0 giant club!
You slash the ogre!
The ogre is almost dead.
The ogre hits you with a +0 giant club.
You barely miss the ogre.
The ogre is almost dead.
The ogre hits you with a +0 giant club!!
Ouch! That really hurt!
You die...

.# ############
...##..........#
.............#
##.##.........(#
......O@.......#
###.#.....†...<#
#..........#
#..........###
...(........#
##..........#
#..........#
#.########## ..


You could see an ogre.

Vanquished Creatures
  4 adders
  2 worms (D:2)
  4 dart slugs
  6 orcs (D:3)
  7 ball pythons
  10 bats
  8 endoplasms
  4 giant cockroaches
  5 goblins
  4 hobgoblins
  A quokka (D:1)
  4 frilled lizards
  7 kobolds
  3 rats
69 creatures vanquished.

Notes
Turn   | Place    | Note
-------+----------+-------------------------------------------
     0 | D:1      | Peloso the Minotaur Fighter began the quest for the Orb.
     0 | D:1      | Reached XP level 1. HP: 19/19 MP: 0/0
    35 | D:1      | Found a faded altar of an unknown god.
   193 | D:1      | Reached XP level 2. HP: 22/27 MP: 1/1
   814 | D:1      | Reached XP level 3. HP: 33/33 MP: 2/2
  1795 | D:2      | Reached XP level 4. HP: 37/40 MP: 3/3
  3113 | D:4      | Noticed an ogre
  3119 | D:4      | Slain by an ogre

Illustrated notes

Levels and vault maps discovered:
D:1:      minmay_arrival_glassed_features, layout_loops_ring,
          hellmonk_ecumenical_altar_blasted, st_stairs_2,
          chequers_serial_rivers_small_b
D:2:      layout_rooms, roderic_lattice_a, feat_on_display
D:3:      layout_loops_corners
D:4:      layout_rooms, lemuel_doored_altar, enter_ossuary_1, uniq_edmund,
          uniq_menkaure

Skill      XL: |  1  2  3 |
---------------+----------+-----
Fighting       | 4 |  4.3
Long Blades    | 3 |  3.9
Shields        | 4 |  4.3
Armour         | 4 |  4.8
Dodging        | |  0.4
Stealth        | |  0.1

Action                   |  1- 3 |  4- 6 || total
-------------------------+-------+-------++-------
Melee: Long sword        |    90 |    74 ||   164
       Headbutt          |    12 |    12 ||    24
  Use: Potion            |       |     1 ||     1
Armor: Scale mail        |    17 |       ||    17
       Chain mail        |    33 |    47 ||    80
Dodge: Dodged            |    34 |    21 ||    55
Block: Buckler           |    18 |       ||    18
       Kite shield       |     1 |    37 ||    38

Table legend: (Time is in decaauts)
 A = Elapsed time spent in this place.
 B = Non-inter-level travel time spent in this place.
 C = Inter-level travel time spent in this place.
 D = Time resting spent in this place.
 E = Time spent auto-exploring this place.
 F = Levels seen in this place.
 G = Mean time per level.
                   A        B        C        D        E       F      G
               +--------+--------+--------+--------+--------+-----+--------+
         Total |   3176 |   3111 |     65 |      0 |   2529 |   4 |  794.0 |
       Dungeon |   3176 |   3111 |     65 |      0 |   2529 |   4 |  794.0 |
               +--------+--------+--------+--------+--------+-----+--------+

Top non-repeatable levels by time:
     D:2: 1268 daAuts
     D:3: 990 daAuts
     D:1: 902 daAuts
     D:4: 15 daAuts
